 Dungeon Crawl Stone Soup version 0.19.5 (webtiles) character file.

1133 Zhenya24pyc the Basher (level 8, -3/46 HPs)
             Began as a Gargoyle Fighter on Apr 8, 2017.
             Was a Follower of Okawaru.
             Slain by Xiguana's ghost (8 damage)
             ... on level 6 of the Dungeon.
             The game lasted 00:09:59 (4789 turns).

Zhenya24pyc the Basher (Gargoyle Fighter)           Turns: 4789, Time: 00:10:00

Health: -3/46      AC: 15    Str: 21    XL:     8   Next: 36%
Magic:  8/8        EV: 10    Int:  4    God:    Okawaru [*.....]
Gold:   276        SH:  0    Dex: 10    Spells: 0 memorised, 7 levels left

rFire  . . .     SeeInvis .     E - +2 dire flail (drain)
rCold  . . .     Gourm    .     u - +1 ring mail {MR+}
rNeg   + . .     Faith    .     (shield currently unavailable)
rPois  ∞         Spirit   .     (no helmet)
rElec  +         Reflect  .     B - +1 cloak
rCorr  .         Harm     .     C - +0 pair of gloves
MR     +....                    (no boots)
Stlth  ..........               (no amulet)
                                h - -5 ring of intelligence
                                w - ring of flight

@: drained
A: negative energy resistance 1, electricity resistance, unbreathing,
petrification resistance, rot immunity, AC +5
a: Heroism, Renounce Religion, Evoke Flight


You were on level 6 of the Dungeon.
You worshipped Okawaru.
Okawaru was aware of your devotion.
You were very hungry.

You visited 2 branches of the dungeon, and saw 7 of its levels.

You collected 276 gold pieces.

Inventory:

Hand Weapons
 a - a +0 flail
 E - a +2 dire flail of draining (weapon)
Armour
 c - a +0 shield
 u - a +1 ring mail of magic resistance (worn)
 B - a +1 cloak (worn)
 C - a +0 pair of gloves (worn)
Jewellery
 h - a -5 ring of intelligence (right hand)
 w - a ring of flight (left hand)
 y - a +2 ring of intelligence
Scrolls
 e - 2 scrolls of random uselessness
 g - 2 scrolls of enchant armour
 j - 6 scrolls of identify {unknown}
 l - 2 scrolls of remove curse
 r - a scroll of fear {unknown}
 t - a scroll of noise {unknown}
 z - a scroll of teleportation {unknown}
 A - a scroll of immolation {unknown}
 F - a scroll of recharging {unknown}
Potions
 b - 3 potions of heal wounds {unknown}
 d - a potion of might
 i - 3 potions of flight {unknown}
 k - 3 potions of haste {unknown}
 m - 3 potions of curing
 o - a potion of agility {unknown}
 p - a potion of lignification {unknown}
 q - a potion of berserk rage {unknown}
 s - a potion of degeneration {unknown}
 x - a potion of magic {unknown}
Books
 D - a book of Minor Magic

   Spells                             Type                      Level
   a - Magic Dart                     Conjuration                  1
   b - Blink                          Translocation                2
   c - Call Imp                       Summoning                    2
   d - Repel Missiles                 Charms/Air                   2
   e - Slow                           Hexes                        2
   f - Conjure Flame                  Conjuration/Fire             3
   g - Mephitic Cloud                 Conjuration/Poison/Air       3
Comestibles
 f - 5 bread rations
 n - 5 meat rations
 v - 3 fruits


   Skills:
 - Level 3.2(2.8) Fighting
 * Level 9.8(9.2) Maces & Flails
 - Level 3.2(2.8) Armour
 - Level 3.2(2.8) Shields


You had 7 spell levels left.
You didn't know any spells.

Dungeon Overview and Level Annotations

Branches:
Dungeon (6/15)             Temple (1/1) D:4

Altars:
Ashenzari
Dithmenos
Elyvilon
Gozag
Hepliaklqana
Kikubaaqudgha
Nemelex Xobeh
Okawaru
Qazlal
Uskayaw
Vehumet
Xom
The Shining One

Annotations:
D:6 Xiguana's ghost, novice DrCK


Innate Abilities, Weirdness & Mutations

You are resistant to torment.
Your stone body is resilient. (AC +5)
You are immune to poison.
You resist negative energy. (rN+)
You are resistant to electric shocks. (rElec)
You can survive without breathing.
You are immune to petrification.
You are immune to rotting.


Message History

Xiguana's ghost is moderately damaged.
Xiguana's ghost hits you!
* * * LOW HITPOINT WARNING * * *
You are too injured to fight recklessly!
You are too injured to fight recklessly!
You are too injured to fight recklessly!
As you read the scroll labeled RUBUOMIXZI, it crumbles to dust.
It is a scroll of enchant armour.
Your +0 cloak glows green for a moment.
Xiguana's ghost breathes negative energy at you.
The bolt of negative energy hits you! You partially resist.
You feel drained.
* * * LOW HITPOINT WARNING * * *
As you read the scroll labeled ENOB KYANELAI, it crumbles to dust.
Your ears itch!
It was a scroll of random uselessness.
Xiguana's ghost complains, "You're an easy kill, but not a fun one."
Xiguana's ghost barely misses you.
As you read the scroll labeled ORULEU POHAPT, it crumbles to dust.
You feel as if something is helping you.
It was a scroll of remove curse.
Xiguana's ghost hits you!
You die...

#..(.>...#.........'....#
####
#........#.........#....#
#........#.........#....#
##+##....#....##...#....#
### +....#....######....#
#.. #....#....# #....#
#.. #....#....## #....#
#.. #....#.....# #....#
#.. #....@# #....# ##'#
#.....WZ..#....# #...
#....##...#....####...
#....# ...#...........
####'# ..#........... ...
..#####....... .. ..
#....### ... ..# #....#
+....+


You could see Xiguana's ghost and a bullfrog skeleton.

Vanquished Creatures
  Edmund (D:5)
  The ghost of Mesmaeker13 the Chucker, an amateur OgHu (D:3)
  A phantom (D:5)
  2 ogres (D:5)
  A centaur (D:4)
  A crimson imp (D:5)
  3 hounds
  An orc priest (D:3)
  2 centaur skeletons (D:4)
  2 orc wizards
  4 worker ants
  A worker ant zombie (D:5)
  11 adders
  A shadow imp (D:5)
  An ooze (D:3)
  An adder skeleton (D:4)
  A worm (D:3)
  2 dart slugs (D:1)
  3 leopard geckos
  16 orcs
  A ball python (D:3)
  3 giant cockroaches
  6 goblins
  8 hobgoblins
  5 jackals
  2 kobolds
  2 quokkas
  11 bats
  7 frilled lizards
  9 rats
110 creatures vanquished.

Notes
Turn   | Place    | Note
-------+----------+-------------------------------------------
     0 | D:1      | Zhenya24pyc the Gargoyle Fighter began the quest for the Orb.
     0 | D:1      | Reached XP level 1. HP: 14/14 MP: 1/1
   149 | D:1      | Reached XP level 2. HP: 18/19 MP: 2/2
   390 | D:1      | Reached skill level 3 in Maces & Flails
   672 | D:2      | Reached XP level 3. HP: 22/23 MP: 3/3
   821 | D:2      | You fall through a shaft!
   868 | D:3      | Found a hazy altar of Hepliaklqana.
  1497 | D:2      | Reached skill level 4 in Maces & Flails
  1568 | D:2      | Reached XP level 4. HP: 24/28 MP: 4/4
  1838 | D:3      | Reached skill level 5 in Maces & Flails
  1838 | D:3      | Reached XP level 5. HP: 23/32 MP: 5/5
  1868 | D:3      | Noticed Mesmaeker13's ghost (amateur OgHu)
  2184 | D:3      | Killed Mesmaeker13's ghost
  2184 | D:3      | Reached skill level 6 in Maces & Flails
  2184 | D:3      | Reached XP level 6. HP: 20/37 MP: 6/6
  2480 | D:3      | Found a glowing golden altar of the Shining One.
  2480 | D:3      | Found an ancient bone altar of Kikubaaqudgha.
  2791 | D:4      | Found a staircase to the Ecumenical Temple.
  2820 | Temple   | Entered the Ecumenical Temple
  2891 | Temple   | Became a worshipper of Warmaster Okawaru
  2973 | D:4      | Reached skill level 7 in Maces & Flails
  3300 | D:3      | Reached XP level 7. HP: 10/41 MP: 7/7
  3725 | D:4      | Reached skill level 8 in Maces & Flails
  3825 | D:5      | Entered Level 5 of the Dungeon
  3871 | D:5      | Noticed Edmund
  3890 | D:5      | Killed Edmund
  3890 | D:5      | Reached * piety under Okawaru
  4211 | D:5      | Reached skill level 9 in Maces & Flails
  4211 | D:5      | Reached XP level 8. HP: 39/46 MP: 8/8
  4595 | D:5      | Found a sparkling altar of Nemelex Xobeh.
  4770 | D:6      | Noticed Xiguana's ghost (novice DrCK)
  4789 | D:6      | Slain by Xiguana's ghost

Skill      XL: |  1  2  3  4  5  6  7 |
---------------+----------------------+-----
Maces & Flails | 3 4 5 6 7 9 |  9.8
Fighting       | |  3.2
Armour         | |  3.2
Shields        | |  3.2

Action                   |  1- 3 |  4- 6 |  7- 9 || total
-------------------------+-------+-------+-------++-------
Melee: Flail             |   167 |   228 |   116 ||   511
       Dire flail        |       |       |    53 ||    53
  Use: Scroll            |       |       |     3 ||     3
  Eat: Chunk             |     2 |     5 |     5 ||    12
Armor: Scale mail        |    97 |    68 |       ||   165
       Ring mail         |       |    97 |    61 ||   158
Dodge: Dodged            |    65 |    96 |    52 ||   213
Block: Shield            |   104 |   133 |    57 ||   294
